 Dungeon Crawl Stone Soup version 0.31-a0-214-gb37851dbb3 (webtiles) character file.

Game seed: 14851175099115992261

2910309 CornPuffBuddha the Conqueror (level 27, 273/273 HPs)
             Began as a Minotaur Hunter on June 30, 2023.
             Was the Champion of Okawaru.
             Escaped with the Orb
             ... and 5 runes on July 2, 2023!
             The game lasted 04:31:38 (81439 turns).

CornPuffBuddha the Conqueror (Minotaur Hunter)     Turns: 81439, Time: 04:31:38

Health: 273/273    AC: 20    Str: 11    XL:     27
Magic:  40/40      EV: 72    Int:  5    God:    Okawaru [******]
Gold:   6076       SH: 38    Dex: 52    Spells: 26/26 levels left

rFire   + + .        K - +10 hand crossbow of Ethereal Fortitude {heavy, Dex+4}
rCold   . . .        S - +2 tower shield "Yrhu" {Drain rN+++ rCorr Stlth-}
rNeg    + + +        I - +5 robe of Misfortune {Harm *Corrode *Slow EV+5}
rPois   .            U - +2 hat
rElec   .            b - +2 cloak "Qudemp" {Dex+4 SInv}
rCorr   +            C - +0 pair of fencer's gloves {Riposte Dex+3}
SInv    +            O - +1 pair of boots
Will    ++...        Z - macabre finger necklace {Finger+ rN+}
Stlth   +            X - ring "Ystriom" {MP+9 Dex+9 SInv}
HPRegen 0.65/turn    v - ring of protection from fire
MPRegen 0.27/turn    t - ring of protection from fire

%: corrode self (3%), slow self (1%), harm (+30% outgoing, +20% incoming)
@: studying 2 skills
A: horns 2, retaliatory headbutt, agile 1, inhibited regeneration, weak 2,
subdued magic 1
0: Orb of Zot
}: 5/15 runes: decaying, serpentine, slimy, silver, abyssal
a: Renounce Religion, Heroism, Finesse, Duel


You escaped.
You worshipped Okawaru.
Okawaru was exalted by your worship.
You visited 12 branches of the dungeon, and saw 56 of its levels.
You visited the Abyss 2 times.
You also visited: Trove, Bailey and Ice Cave.

You collected 10793 gold pieces.
You spent 4717 gold pieces at shops.

Inventory:

Hand Weapons
 K - the +10 hand crossbow of Ethereal Fortitude (weapon) {heavy, Dex+4}
   (You found it in a treasure trove)

   Dex:       It affects your dexterity (+4).
Missiles
 p - 4 throwing nets
Armour
 b - the +2 cloak "Qudemp" (worn) {Dex+4 SInv}
   (You acquired it on level 15 of the Dungeon)

   Dex:       It affects your dexterity (+4).
   SInv:      It lets you see invisible.
 C - the +0 pair of fencer's gloves (worn) {Riposte Dex+3}
   (You bought it in a shop on level 2 of the Orcish Mines)

   Riposte:   It allows the wearer to riposte with melee weapons, swiftly
   retaliating against missed or blocked melee attacks.
   Dex:       It affects your dexterity (+3).
 I - the +5 robe of Misfortune (worn) {Harm *Corrode *Slow EV+5}
   (You found it on level 11 of the Dungeon)

   EV:        It affects your evasion (+5).
   *Corrode:  It may corrode you when you take damage.
   *Slow:     It may slow you when you take damage.
   Harm:      It increases damage dealt and taken.
 O - a +1 pair of boots (worn)
 S - the +2 tower shield "Yrhu" (worn) {Drain rN+++ rCorr Stlth-}
   (Okawaru gifted it to you on level 5 of the Vaults)

   rN:        It renders you almost immune to negative energy.
   rCorr:     It protects you from acid and corrosion.
   Drain:     It drains your maximum health when unequipped.
   Stlth:     It makes you less stealthy.
 U - a +2 hat (worn)
Jewellery
 n - a +6 ring of intelligence
 t - a ring of protection from fire (on amulet)
 v - a ring of protection from fire (right hand)
 N - a +4 ring of slaying
 P - the ring of Shadows {Umbra +Inv Stlth+}
   (You found it on level 2 of the Crypt)

   [ring of stealth]

   Umbra:     It surrounds you with an aura of shadow, increasing your stealth
   and reducing the accuracy of all others within it.
   +Inv:      It lets you turn invisible.
   Stlth:     It makes you more stealthy.
 X - the ring "Ystriom" (left hand) {MP+9 Dex+9 SInv}
   (You bought it in a shop on level 1 of the Elven Halls)

   [ring of magical power]

   Dex:       It affects your dexterity (+9).
   MP:        It affects your magic capacity (+9).
   SInv:      It lets you see invisible.
 Z - the macabre finger necklace (around neck) {Finger+ rN+}
   (You found it on level 5 of the Lair of Beasts)

   [amulet of nothing]

   Finger+:   It enables you to equip an extra ring.
   rN:        It protects you from negative energy.
Wands
 d - a wand of polymorph (47)
 o - a wand of mindburst (48)
 w - a wand of acid (11)
 Q - a wand of paralysis (68)
 W - a wand of roots (73)
Scrolls
 a - 15 scrolls of teleportation
 e - 6 scrolls of blinking
 i - 3 scrolls of fog
 s - 2 scrolls of brand weapon
 x - 8 scrolls of vulnerability
 y - 9 scrolls of immolation
 D - 9 scrolls of enchant weapon
 E - 14 scrolls of revelation
 J - 10 scrolls of enchant armour
 L - 13 scrolls of poison
 R - 14 scrolls of fear
 V - 7 scrolls of silence
Potions
 f - 4 potions of berserk rage
 g - 23 potions of attraction
 h - 6 potions of haste
 j - 18 potions of enlightenment
 k - 6 potions of mutation
 l - 12 potions of lignification
 m - 7 potions of heal wounds
 r - 8 potions of might
 u - 5 potions of invisibility
 z - 2 potions of magic
 A - 28 potions of curing
 B - 4 potions of resistance
 G - 9 potions of brilliance
 H - a potion of cancellation
 M - 4 potions of ambrosia
 T - 9 potions of degeneration
Miscellaneous
 c - a condenser vane
 q - a phantom mirror
 Y - a lightning rod (4/4)


   Skills:
 O Level 27 Fighting
 O Level 27 Ranged Weapons
 - Level 8.4 Throwing
 + Level 24.3 Armour
 O Level 27 Dodging
 - Level 0.7 Stealth
 O Level 27 Shields
 - Level 12.0 Invocations
 - Level 13.0 Evocations


You had 26 spell levels left.
You didn't know any spells.
Your spell library contained the following spells:

 Spells                   Type           Power      Damage    Failure   Level
 Apportation              Tloc           0%         N/A       43%         1
 Freeze                   Ice            0%         1d3       43%         1
 Magic Dart               Conj           0%         1d3       43%         1
 Necrotise                Necr           0%         1d4       43%         1
 Shock                    Conj/Air       0%         1d3       43%         1
 Slow                     Hex            0%         N/A       43%         1
 Sting                    Tmut/Pois      0%         1d3       43%         1
 Blink                    Tloc           0%         N/A       58%         2
 Cigotuvi's Dreadful Rot  Necr/Pois/Air  0%         N/A       58%         2
 Ensorcelled Hibernation  Hex/Ice        0%         N/A       58%         2
 Lesser Beckoning         Tloc           0%         N/A       58%         2
 Momentum Strike          Conj/Tloc      0%         3d8       58%         2
 Passwall                 Tmut/Erth      0%         N/A       58%         2
 Poisonous Vapours        Pois/Air       0%         N/A       58%         2
 Scorch                   Fire           0%         2d5       58%         2
 Sublimation of Blood     Necr           0%         N/A       58%         2
 Wereblood                Tmut           0%         N/A       58%         2
 Confusing Touch          Hex            0%         N/A       82%         3
 Frozen Ramparts          Ice            0%         1d1       82%         3
 Gell's Gravitas          Tloc           0%         N/A       82%         3
 Hailstorm                Conj/Ice       0%         3d3       82%         3
 Ignite Poison            Fire/Tmut/Pois 0%         N/A       82%         3
 Inner Flame              Hex/Fire       0%         N/A       82%         3
 Mephitic Cloud           Conj/Pois/Air  0%         N/A       82%         3
 Ozocubu's Armour         Ice            0%         N/A       82%         3
 Portal Projectile        Hex/Tloc       0%         N/A       82%         3
 Spider Form              Tmut/Pois      0%         N/A       82%         3
 Swiftness                Air            0%         N/A       82%         3
 Teleport Other           Tloc           0%         N/A       82%         3
 Vampiric Draining        Necr           0%         2d6       82%         3
 Vhi's Electric Charge    Tloc/Air       0%         N/A       82%         3
 Volatile Blastmotes      Fire/Tloc      0%         2d10      82%         3
 Anguish                  Hex/Necr       0%         N/A       99%         4
 Cause Fear               Hex            0%         N/A       99%         4
 Dispel Undead            Necr           0%         3d6       99%         4
 Flame Wave               Conj/Fire      0%         2d4       99%         4
 Ice Form                 Ice/Tmut       0%         N/A       99%         4
 Iskenderun's Mystic Bla  Conj/Tloc      0%         2d3       99%         4
 Leda's Liquefaction      Hex/Erth       0%         N/A       99%         4
 Manifold Assault         Tloc           0%         N/A       99%         4
 Olgreb's Toxic Radiance  Pois           0%         N/A       99%         4
 Passage of Golubria      Tloc           0%         N/A       99%         4
 Petrify                  Tmut/Erth      0%         N/A       99%         4
 Sticky Flame             Conj/Fire      0%         2d3       99%         4
 Agony                    Necr           0%         N/A       100%        5
 Alistair's Intoxication  Tmut/Pois      0%         N/A       100%        5
 Arcjolt                  Conj/Air       0%         1d10      100%        5
 Freezing Cloud           Conj/Ice/Air   0%         6-21      100%        5
 Irradiate                Conj/Tmut      0%         3d11      100%        5
 Metabolic Englaciation   Hex/Ice        0%         N/A       100%        5
 Silence                  Hex/Air        0%         N/A       100%        5
 Yara's Violent Unravell  Hex/Tmut       0%         3d3       100%        5
 Dispersal                Tloc           0%         N/A       100%        6
 Eringya's Noxious Bog    Tmut/Pois      0%         N/A       100%        6
 Statue Form              Tmut/Erth      0%         N/A       100%        6
 Enfeeble                 Hex            0%         N/A       100%        7
 Orb of Destruction       Conj           0%         9d5       100%        7
 Ozocubu's Refrigeration  Ice            0%         4d7       100%        7
 Storm Form               Tmut/Air       0%         N/A       100%        7
 Borgnjor's Revivificati  Necr           0%         N/A       100%        8
 Discord                  Hex            0%         N/A       100%        8
 Disjunction              Tloc           0%         N/A       100%        8
 Ignition                 Fire           0%         3d3       100%        8
 Maxwell's Capacitive Co  Air            0%         ∞         100%        8
 Necromutation            Tmut/Necr      0%         N/A       100%        8
 Death's Door             Necr           0%         N/A       100%        9
 Polar Vortex             Ice            0%         N/A       100%        9
 Call Canine Familiar     Summ           Unusable   N/A       N/A         3
 Summon Guardian Golem    Hex/Summ       Unusable   N/A       N/A         3
 Summon Ice Beast         Ice/Summ       Unusable   N/A       N/A         4
 Summon Lightning Spire   Summ/Air       Unusable   N/A       N/A         4
 Death Channel            Necr           Unusable   N/A       N/A         6
 Summon Cactus Giant      Summ           Unusable   N/A       N/A         6
 Monstrous Menagerie      Summ           Unusable   N/A       N/A         7
 Spellforged Servitor     Conj/Summ      Unusable   N/A       N/A         7
 Summon Hydra             Summ           Unusable   N/A       N/A         7

Dungeon Overview and Level Annotations

Branches:
Dungeon (15/15)            Temple (1/1) D:7            Lair (5/5) D:8
  Swamp (4/4) Lair:3        Snake (4/4) Lair:2        Slime (5/5) Lair:5
    Orc (2/2) D:11            Elf (3/3) Orc:2        Vaults (5/5) D:14
  Crypt (3/3) Vaults:3       Tomb (0/3) Crypt:3      Depths (4/4) D:15
    Zot (5/5) Depths:4     Bailey (visited)           IceCv (visited)

Altars:
Ashenzari
Cheibriados
Dithmenos
Elyvilon
Fedhas
Gozag
Hepliaklqana
Kikubaaqudgha
Makhleb
Nemelex Xobeh
Okawaru
Qazlal
Ru
Sif Muna
Trog
Uskayaw
Vehumet
Wu Jian
Xom
Yredelemnul
Zin
The Shining One

Shops:
D:10 [   D:15 *   Orc:1 *   Orc:2 ([*[   Elf:1 =:=:   Elf:3 =*   Snake:2 *
Vaults:2 !   Vaults:3 [   Vaults:4 ?

Portals:
Hell: Depths:1 Depths:2 Depths:3 Depths:4
Abyss: Depths:3
Pandemonium: Depths:2
Ziggurat: Depths:1

Annotations:
Crypt:2 2 transporters, exclusion: obsidian statue
Depths:3 2 runed translucent doors


Innate Abilities, Weirdness & Mutations

You have a pair of horns on your head.
You reflexively headbutt those who attack you in melee.
You are agile. (Dex +4, Str/Int -1)
You do not regenerate when monsters are visible.
You are very weak. (Str -4)
Your spells are a little easier to cast, but a little less powerful.


Message History

You kill the Orb Guardian!
Okawaru accepts your kill.
No target in view!
An ice devil comes into view.
You shoot a bolt. The bolt hits the ice devil!!!!
You kill the ice devil!
Okawaru accepts your kill.
No target in view!
There is an open door here.
Cuujisip comes into view.
You shoot a bolt. The bolt hits Cuujisip!!!
Cuujisip is moderately wounded.
A red devil comes into view. It is wielding a +0 trident.
You shoot a bolt. The bolt hits Cuujisip!!!!
You kill Cuujisip!
Okawaru accepts your kill. You block the red devil's attack. x2
You shoot a bolt. The bolt hits the red devil!!
You kill the red devil!
Okawaru accepts your kill.
No target in view!
There is a stone staircase leading up here.
You climb upwards.
There is a stone staircase leading down here.
An Orb Guardian comes into view.
You shoot a bolt. The bolt hits the Orb Guardian!!
The Orb Guardian is heavily wounded.
You shoot a bolt. The bolt hits the Orb Guardian!!!
You kill the Orb Guardian!
Okawaru accepts your kill.
No target in view!
A green death comes into view.
You shoot a bolt.
The bolt closely misses the green death.
You shoot a bolt. The bolt hits the green death!!!!
You kill the green death!
Okawaru accepts your kill.
No target in view!
There is a staircase leading out of the dungeon here.
You have escaped!

##.# #.#####.# ####
#.......# ######..#
# ##### ##### #####
#.....# # #...#
#...# #...# #.##.##
# #...# #.>.# #.♣.#
#.##.#
###...###...###...#
###.##.######
..................#
#..#......>.#
................@.#
###.##.####.#
..................#
###.##.#..†..
###...###...###...#
#...##.#.##.# #
#.>.# #...# #.♣.#
#...##.#.##.# #
#...# #...# #...#
#...##.#.##.# #
##### ##### #####
#......#.##.#
#..#####.##.#
####### ### ###.#
#.##.# ......#####
#.# #.#.# #.##.#


There were no monsters in sight!

Vanquished Creatures
  the Royal Jelly (Slime:5)
  6 orbs of fire
  6 ancient liches
  Mara (Vaults:3)
  3 dread liches
  Mennas (Crypt:1)
  A royal mummy (Depths:2)
  Sojobo (Vaults:3)
  4 Killer Klowns (Zot:5)
  the Lernaean hydra (Swamp:4)
  4 curse toes
  Xtahua (Vaults:2)
  Margery (Vaults:3)
  4 caustic shrikes (Depths:4)
  Nikola (Vaults:2)
  11 golden dragons
  Jory (Crypt:3)
  A bone dragon (Abyss:3)
  A pandemonium lord (D:2)
  2 Tzitzimimeh
  Jorgrun (Snake:1)
  5 electric golems
  22 tentacled monstrosities
  Zenata (Vaults:1)
  3 hellephants (Depths:1)
  Mlioglotl (Snake:1)
  29 Orb Guardians
  3 liches
  2 Hell Sentinels
  3 titans
  2 deep elf blademasters (Elf:3)
  15 quicksilver dragons
  2 deep elf master archers (Elf:3)
  A walking frostbound tome (Depths:3)
  15 acid blobs
  12 death cobs
  4 tentacled starspawn
  8 sphinxes
  4 ancient champions
  Gastronok (Lair:2)
  2 fenstrider witches (Swamp:3)
  9 tengu reavers
  13 draconian monks
  A fenstrider witch (shapeshifter) (Vaults:5)
  Kirke (D:12)
  9 rockslimes
  11 storm dragons
  14 azure jellies
  5 shadow dragons
  6 nagarajas
  2 revenants
  Aizul (Snake:2)
  A balrug (D:6)
  14 draconian knights
  13 vault wardens
  10 fire giants
  7 deep elf sorcerers
  12 draconian scorchers
  13 frost giants
  2 deep elf elementalists (Elf:3)
  9 draconian shifters
  4 ghost moths
  2 spectral juggernauts (Depths:2)
  4 curse skulls (Crypt:1)
  8 ghouls
  27 ironbound preservers
  9 quicksilver oozes
  4 orc warlords
  5 draconian stormcallers
  3 reapers
  4 spectral caustic shrikes
  A demonspawn corrupter (D:4)
  5 spriggan defenders
  9 formless jellyfish
  10 draconian annihilators
  6 ironbound thunderhulks
  2 cacodemons
  13 stone giants
  23 very ugly things
  A stone giant (shapeshifter) (Vaults:5)
  13 vampire knights
  20 green draconians
  An ophan (Abyss:3)
  6 deep elf demonologists (Elf:3)
  18 purple draconians
  7 eleionomae
  19 black draconians
  7 dire elephants
  8 deep elf annihilators
  12 spark wasps
  11 yellow draconians
  7 bunyips
  30 white draconians
  2 spectral titans (Depths:2)
  22 red draconians
  Azrael (Elf:1)
  A crystal guardian (Vaults:4)
  2 shambling mangroves
  A blizzard demon (Abyss:3)
  10 fire dragons
  12 eidola
  11 deep elf death magi
  13 ettins
  2 green deaths
  2 mummy priests (Depths:2)
  Josephine (Lair:3)
  A spectral golden dragon (Depths:2)
  An entropy weaver (Vaults:2)
  The ghost of kiwi3s the Fighter, a journeyman MiBe of Trog (D:9)
  16 yaktaur captains
  5 deep elf high priests
  7 jiangshi
  Erolcha (D:10)
  16 great orbs of eyes
  3 spectral spriggans (Depths:2)
  21 hydras
  A caustic shrike simulacrum (Abyss:3)
  14 ironbound frosthearts
  A hell beast (D:4)
  A spectral sphinx (Depths:2)
  5 salamander tyrants
  6 rakshasas
  2 spectral shadow dragons (Depths:2)
  2 peacekeepers
  36 vault guards
  3 ogre magi
  A hydra (shapeshifter) (Depths:2)
  5 death knights
  3 spriggan air magi
  12 centaur warriors
  9 ice dragons
  5 boulder beetles
  11 anacondas
  3 ghost crabs
  27 dancing weapons
  7 two-headed ogres
  2 spectral frost giants (Depths:2)
  2 spectral fire giants (Depths:2)
  16 death yaks
  6 deep troll shamans
  3 tengu warriors
  4 deep troll earth magi
  10 alligators
  9 hell hogs (Depths:1)
  4 thrashing horrors
  5 spriggan berserkers
  14 naga warriors
  3 shock serpents
  15 vampire magi
  12 naga sharpshooters
  19 hell knights
  Nergalle (D:12)
  3 soul eaters
  3 wretched stars
  Sonja (D:11)
  4 sun demons
  19 deep elf knights
  10 spriggans
  A spectral spark wasp (Depths:2)
  A fire crab (Lair:3)
  9 salamander mystics
  7 goliath frogs
  A titan skeleton (Abyss:2)
  20 skeletal warriors
  4 iron trolls
  79 deep trolls
  2 golden dragon zombies (Crypt:3)
  2 skysharks (Lair:5)
  8 spriggan druids
  2 sea snakes (Snake:2)
  An obsidian statue (Depths:2)
  2 death drakes (Depths:4)
  4 glowing orange brains
  A spark wasp zombie (D:15)
  The ghost of ForestMusic the Thaumaturge, a novice DESu of Hepliaklqana (Lair:1)
  16 deep elf archers
  7 flayed ghosts
  11 naga ritualists
  A bunyip skeleton (Crypt:2)
  9 ironbound convokers
  10 necromancers
  14 lindwurms
  An orange crystal statue (IceCv)
  11 swamp dragons
  8 wizards
  15 bog bodies
  20 phantasmal warriors
  33 deep elf pyromancers
  5 starcursed masses
  2 orc sorcerers (Orc:1)
  A broodmother zombie (Crypt:1)
  4 shining eyes
  2 oklob plants
  11 harpies
  30 deep elf zephyrmancers
  10 mana vipers
  A stone giant zombie (D:15)
  59 ugly things
  An iron dragon zombie (Crypt:1)
  18 orc knights
  2 wolf spiders (shapeshifter) (Vaults:5)
  26 moths of wrath
  19 salamanders
  A shining eye (shapeshifter) (D:13)
  A manticore (D:13)
  4 cyclopes
  14 elephants
  A frost giant zombie (D:15)
  A worldbinder (Abyss:3)
  4 will-o-the-wisps
  5 guardian serpents
  A black mamba (shapeshifter) (Depths:1)
  A shock serpent zombie (Crypt:1)
  107 slime creatures
  A moth of wrath (shapeshifter) (Elf:2)
  2 smoke demons
  A dire elephant zombie (Crypt:3)
  A water nymph (shapeshifter) (Depths:1)
  31 naga magi
  4 eyes of devastation
  4 rust devils
  A gargoyle (D:12)
  36 black mambas
  20 vault sentinels
  2 kobold demonologists (D:12)
  20 rime drakes
  2 orange demons
  16 cane toads
  5 torpor snails (Lair:5)
  24 yaktaurs
  A tormentor (D:9)
  11 komodo dragons
  A grey draconian skeleton (Crypt:2)
  7 freezing wraiths
  9 guardian mummies
  An ice devil (D:2)
  5 tengu conjurers
  2 ancient zymes
  A spectral glowing shapeshifter (Depths:2)
  3 harpy zombies
  7 trolls
  A pale draconian skeleton (Crypt:1)
  3 meliai (D:15)
  A red devil (D:2)
  A sea snake skeleton (Crypt:3)
  2 bloated husks
  2 tyrant leeches (shapeshifter) (Depths:3)
  14 tyrant leeches
  A wind drake (shapeshifter) (D:9)
  13 hornets
  A queen bee (shapeshifter) (D:9)
  23 polar bears
  A dream sheep (Lair:5)
  A culicivora zombie (Crypt:2)
  19 blink frogs
  An iron dragon simulacrum (Crypt:2)
  5 air elementals
  9 water elementals
  2 ynoxinuls (Abyss:2)
  7 flying skulls
  A satyr skeleton (Crypt:3)
  A slime creature (shapeshifter) (Depths:2)
  2 wyverns
  17 wraiths
  25 vampires
  4 fire elementals
  3 hogs
  A tyrant leech zombie (Crypt:3)
  2 basilisks
  2 golden eyes (shapeshifter) (D:9)
  9 vampire mosquitoes
  3 chaos spawn
  62 yaks
  9 large abominations
  2 redbacks (Vaults:2)
  An alligator snapping turtle simulacrum (Abyss:2)
  A neqoxec (D:9)
  5 golden eyes
  17 swamp worms
  10 wargs
  A steam dragon (D:9)
  2 acid dragons
  22 hell hounds
  A tengu zombie (D:15)
  44 nagas
  A two-headed ogre skeleton (Crypt:3)
  A merfolk zombie (Crypt:2)
  Duvessa (D:7)
  An entropy weaver zombie (Crypt:2)
  3 floating eyes
  12 water moccasins
  4 swamp drakes
  11 black bears (Lair:5)
  4 ice beasts
  A lindwurm zombie (Crypt:2)
  45 orc warriors
  A cane toad skeleton (Crypt:1)
  A sky beast (D:8)
  13 wolves (Lair:5)
  9 ogres
  11 centaurs
  2 phantoms
  Blork the orc (D:4)
  8 bullfrogs
  5 kobold brigands
  A scorpion (shapeshifter) (Vaults:3)
  An earth elemental (Elf:1)
  A gnoll sergeant (D:8)
  4 necrophages (Swamp:3)
  6 small abominations
  5 scorpions
  A water moccasin zombie (D:4)
  11 wights
  7 killer bees (D:9)
  Dowan (D:7)
  A polar bear zombie (Crypt:3)
  6 spriggan zombies
  A spriggan skeleton (Crypt:3)
  6 howler monkeys (D:8)
  5 electric eels
  A quasit (Abyss:2)
  6 jellies
  A centaur zombie (D:4)
  Crazy Yiuf (D:4)
  19 orc priests
  3 hounds
  2 gnoll boudas (D:5)
  A human skeleton (Crypt:1)
  2 iron imps
  An iguana (D:5)
  A boggart zombie (Crypt:3)
  26 orc wizards
  An ice beast zombie (Crypt:1)
  A tengu skeleton (Crypt:2)
  A hound zombie (D:4)
  Robin (D:4)
  12 gnolls
  A gnoll (shapeshifter) (D:9)
  9 adders
  A steam dragon skeleton (Crypt:2)
  2 white imps
  An ufetubus (D:7)
  2 adder zombies (D:4)
  2 worms
  A dart slug (D:4)
  118 orcs
  12 endoplasms
  3 giant cockroaches
  14 goblins
  10 hobgoblins
  40 kobolds
  5 quokkas
  5 ball pythons
  4 bats
  A frilled lizard (D:2)
  A kobold zombie (Crypt:3)
  An orc skeleton (Crypt:1)
  A quokka zombie (Crypt:2)
  8 rats
  A rat skeleton (Crypt:1)
  2 starspawn tentacles
2832 creatures vanquished.

Vanquished Creatures (others)
  A goliath frog (Swamp:3)
  A deep elf zephyrmancer (Elf:2)
  A moth of wrath (Zot:3)
  2 bloated husks (Swamp:3)
  A slime creature (Vaults:2)
  A swamp drake (Swamp:4)
  2 hobgoblins (D:4)
  A goblin skeleton (Crypt:2)
  6 foxfires
  A spectral weapon (Swamp:3)
  15 starspawn tentacles
32 creatures vanquished.

Grand Total: 2864 creatures vanquished

Notes
Turn   | Place    | Note
-------+----------+-------------------------------------------
     0 | D:1      | CornPuffBuddha the Minotaur Hunter began the quest for the
                  | Orb.
     0 | D:1      | Reached XP level 1. HP: 18/18 MP: 0/0
   389 | D:1      | Reached XP level 2. HP: 25/25 MP: 1/1
   402 | D:1      | Reached skill level 5 in Ranged Weapons
   834 | D:2      | Reached XP level 3. HP: 18/30 MP: 2/2
  1064 | D:2      | Found Gouwepen's Vocational Training.
  1755 | D:3      | Reached XP level 4. HP: 37/37 MP: 3/3
  1964 | D:4      | Noticed Robin
  1969 | D:3      | Gained mutation: You are strong-willed. (Will+) [potion of
                  | mutation]
  1969 | D:3      | Gained mutation: You are dopey. (Int -2) [potion of
                  | mutation]
  1969 | D:3      | Gained mutation: You expend magic power (3 MP) to
                  | strengthen your wands. [potion of mutation]
  2150 | D:4      | Found a shimmering altar of Xom.
  2159 | D:4      | Reached XP level 5. HP: 42/42 MP: 4/4
  2537 | D:3      | Reached XP level 6. HP: 19/50 MP: 5/5
  2996 | D:4      | Killed Robin
  3162 | D:4      | Found a basalt altar of Yredelemnul.
  3315 | D:4      | Found a hide-covered altar of Uskayaw.
  3329 | D:4      | Found a shimmering blue altar of Sif Muna.
  3491 | D:4      | Found a runed translucent door.
  3492 | D:4      | Noticed Crazy Yiuf
  3585 | D:4      | Noticed Blork the orc
  3593 | D:4      | Killed Blork the orc
  3594 | D:4      | Reached XP level 7. HP: 23/56 MP: 0/6
  4089 | D:5      | Entered Level 5 of the Dungeon
  4601 | D:5      | Reached skill level 10 in Ranged Weapons
  4995 | D:5      | Reached XP level 8. HP: 62/62 MP: 7/7
  5029 | D:5      | Found an ornate altar of the Wu Jian Council.
  5342 | D:5      | Found a white marble altar of Elyvilon.
  6343 | D:7      | Found a flagged portal.
  6372 | Bailey   | Entered a bailey
  6424 | Bailey   | Noticed an orc knight
  6469 | Bailey   | Killed an orc knight
  6470 | Bailey   | Reached XP level 9. HP: 15/68 MP: 0/8
  7504 | D:8      | Reached skill level 15 in Ranged Weapons
  7717 | D:7      | Found a staircase to the Ecumenical Temple.
  7743 | Temple   | Entered the Ecumenical Temple
  7945 | Temple   | Became a worshipper of Warmaster Okawaru
  8110 | D:7      | Found a glowing silver altar of Zin.
  8112 | D:7      | Noticed Duvessa
  8115 | D:7      | Noticed Dowan
  8118 | D:7      | Killed Duvessa
  8120 | D:7      | Killed Dowan
  8574 | D:8      | Identified the +9 chain mail of Wisdom {*Slow rF+ Dex+4}
  8946 | D:8      | Found a staircase to the Lair.
  8965 | D:8      | Reached XP level 10. HP: 56/74 MP: 6/9
  9099 | D:8      | Reached * piety under Okawaru
  9452 | D:8      | Reached skill level 5 in Fighting
  9907 | D:8      | Reached ** piety under Okawaru
 10468 | D:9      | Noticed a red ugly thing
 10468 | D:9      | Noticed a glowing orange brain
 10468 | D:9      | Found a runed translucent gate.
 10468 | D:9      | Found a runed translucent gate.
 10468 | D:9      | Found a runed translucent gate.
 10469 | D:9      | Noticed a cyan ugly thing
 10474 | D:9      | Noticed a white ugly thing
 10961 | D:9      | Found a broken altar of Ashenzari.
 11869 | D:10     | Entered Level 10 of the Dungeon
 11877 | D:10     | Reached skill level 10 in Fighting
 12049 | D:10     | Found an ancient bone altar of Kikubaaqudgha.
 12176 | D:10     | Found Heqyl's Armour Boutique.
 12246 | D:10     | Reached *** piety under Okawaru
 12300 | D:10     | Reached XP level 11. HP: 51/102 MP: 0/10
 12567 | D:10     | Noticed Erolcha
 12577 | D:10     | Killed Erolcha
 12997 | D:11     | Found the +5 robe of Misfortune {Harm *Corrode *Slow EV+5}
 13041 | D:11     | Reached **** piety under Okawaru
 13071 | D:11     | Noticed a boulder beetle
 13079 | D:11     | Killed a boulder beetle
 13192 | D:11     | Noticed Sonja
 13330 | D:11     | Found a staircase to the Orcish Mines.
 13616 | D:11     | Killed Sonja
 13616 | D:11     | Reached ***** piety under Okawaru
 14546 | D:10     | Bought a +2 cloak of stealth for 322 gold pieces
 14546 | D:10     | Bought a +0 pair of gloves of strength for 172 gold pieces
 14761 | D:12     | Noticed a cyan ugly thing
 14769 | D:12     | Killed a cyan ugly thing
 14823 | D:12     | Noticed Nergalle
 14836 | D:12     | Reached skill level 15 in Fighting
 14836 | D:12     | Killed Nergalle
 14954 | D:12     | Noticed Kirke
 15085 | D:12     | Received a gift from Okawaru
 15249 | Lair:1   | Entered Level 1 of the Lair of Beasts
 15365 | Lair:1   | Reached XP level 12. HP: 122/122 MP: 11/11
 15376 | Lair:1   | Upgraded the game from 0.31-a0-210-gccc998df9b to
                  | 0.31-a0-214-gb37851dbb3
 15613 | Lair:1   | Noticed ForestMusic's ghost (novice DESu)
 15616 | Lair:1   | Found a runed translucent door.
 15821 | Lair:1   | Reached skill level 5 in Dodging
 16189 | Lair:1   | Killed ForestMusic's ghost
 16591 | D:4      | Killed Crazy Yiuf
 16847 | Lair:2   | Identified the +1 scale mail of Fun and Games {Str+4}
 16974 | Lair:2   | Found a staircase to the Snake Pit.
 17078 | Lair:2   | Found a transporter.
 17163 | Lair:2   | Found a transporter.
 17176 | Lair:2   | Noticed Gastronok
 17187 | Lair:2   | Killed Gastronok
 17613 | Lair:3   | Received a gift from Okawaru
 17698 | Lair:3   | Noticed a boulder beetle
 17719 | Lair:3   | Killed a boulder beetle
 17719 | Lair:3   | Reached ****** piety under Okawaru
 17720 | Lair:3   | Reached XP level 13. HP: 134/134 MP: 9/12
 18013 | Lair:3   | Identified the +1 scale mail of Tekyasil {rElec rF- Str+4
                  | Stlth+} (Okawaru gifted it to you on level 3 of the Lair of
                  | Beasts)
 18013 | Lair:3   | Received a gift from Okawaru
 18020 | Lair:3   | Noticed Josephine
 18110 | Lair:3   | Killed Josephine
 18465 | Lair:3   | Reached skill level 10 in Dodging
 18994 | Lair:3   | Found a staircase to the Swamp.
 19919 | Lair:4   | Identified the +0 hat of the Iron Devil {rC+ Str+3}
                  | (Okawaru gifted it to you on level 4 of the Lair of Beasts)
 19919 | Lair:4   | Received a gift from Okawaru
 20366 | Lair:5   | Entered Level 5 of the Lair of Beasts
 20575 | Lair:4   | Reached XP level 14. HP: 117/147 MP: 11/13
 20749 | Lair:5   | Found an ornate altar of the Wu Jian Council.
 20783 | Lair:5   | Reached skill level 1 in Throwing
 21196 | Lair:4   | Received a gift from Okawaru
 21434 | Lair:5   | Found a staircase to the Slime Pits.
 21817 | Lair:5   | Found the macabre finger necklace {Finger+ rN+}
 21828 | Lair:5   | Received a gift from Okawaru
 22050 | Lair:5   | Found a runed translucent door.
 22071 | Lair:5   | Found the dreamshard necklace {Acrobat *Dream}
 22138 | Lair:5   | Identified the +3 falchion "Podokor" {pain, rElec rCorr
                  | Dex-3}
 23010 | D:12     | Reached skill level 5 in Throwing
 23059 | D:12     | Killed Kirke
 23207 | D:12     | Identified the +5 crystal plate armour of Poor Excuses {rF-
                  | Int+6} (Okawaru gifted it to you on level 12 of the
                  | Dungeon)
 23207 | D:12     | Received a gift from Okawaru
 23445 | D:13     | Gained mutation: You are frail. (-10% HP) [a shining eye]
 23454 | D:13     | Reached XP level 15. HP: 130/141 MP: 14/14
 24001 | D:13     | Reached skill level 15 in Dodging
 25193 | D:14     | Found a gate to the Vaults.
 25437 | D:15     | Entered Level 15 of the Dungeon
 25482 | D:15     | Received a gift from Okawaru
 25511 | D:15     | Found a frozen archway.
 25583 | IceCv    | Entered an ice cave
 25670 | IceCv    | Reached skill level 1 in Shields
 26004 | IceCv    | Noticed a frost giant
 26004 | IceCv    | Noticed a frost giant
 26025 | IceCv    | Killed a frost giant
 26025 | IceCv    | Identified the +0 pair of boots "Kanyt" {rPois SInv}
                  | (Okawaru gifted it to you in an ice cave)
 26025 | IceCv    | Received a gift from Okawaru
 26571 | IceCv    | Reached skill level 5 in Shields
 26729 | IceCv    | Killed a frost giant
 26827 | IceCv    | Got the Discursus on Snow
 26912 | D:15     | Reached XP level 16. HP: 151/151 MP: 11/15
 26942 | D:15     | Identified a scroll of acquirement
 26970 | D:15     | Acquired the +2 cloak "Qudemp" {Dex+4 SInv}
 27184 | D:15     | Found a staircase to the Depths.
 27503 | D:15     | Found Qoprycs's General Store.
 27507 | D:15     | Bought a scroll of teleportation for 33 gold pieces
 27773 | D:10     | Bought a +1 pair of boots for 172 gold pieces
 28255 | Orc:1    | Entered Level 1 of the Orcish Mines
 28255 | Orc:1    | Found a runed translucent door.
 28446 | Orc:1    | Received a gift from Okawaru
 28483 | Orc:1    | Identified the +4 trident of the Howling One {freeze, rC-
                  | rN+ Int+3}
 28552 | Orc:2    | Entered Level 2 of the Orcish Mines
 28826 | Orc:2    | Found Kegy's Armour Shop.
 28826 | Orc:2    | Found Zunami's General Store.
 28835 | Orc:2    | Bought a scroll of identify for 32 gold pieces
 28835 | Orc:2    | Bought a scroll of fear for 64 gold pieces
 28846 | Orc:2    | Bought the +0 pair of fencer's gloves {Riposte Dex+3} for
                  | 400 gold pieces
 28846 | Orc:2    | Found the +0 pair of fencer's gloves {Riposte Dex+3}
 28898 | Orc:2    | Found a staircase to the Elven Halls.
 29005 | Orc:2    | Found Nilomesi's Antique Armour Shop.
 29005 | Orc:2    | Found Linniat's Weapon Emporium.
 29299 | Orc:1    | Found Paini's General Store.
 29302 | Orc:1    | Bought a potion of haste for 140 gold pieces
 29302 | Orc:1    | Bought a +6 ring of dexterity for 504 gold pieces
 29673 | Swamp:1  | Entered Level 1 of the Swamp
 29869 | Swamp:1  | Identified the +2 buckler of Hafusunuixt {Rampage} (Okawaru
                  | gifted it to you on level 1 of the Swamp)
 29869 | Swamp:1  | Received a gift from Okawaru
 30911 | Swamp:3  | Reached XP level 17. HP: 160/160 MP: 16/16
 30912 | Swamp:3  | Noticed a tentacled monstrosity
 30925 | Swamp:3  | Killed a tentacled monstrosity
 31402 | Swamp:3  | Reached skill level 10 in Shields
 31494 | Swamp:3  | Identified the +0 pair of gloves of the Merchant {rPois
                  | Str+4 Int+5} (Okawaru gifted it to you on level 3 of the
                  | Swamp)
 31494 | Swamp:3  | Received a gift from Okawaru
 31505 | Swamp:3  | HP: 4/161 [bunyip (36)]
 32164 | Swamp:4  | Entered Level 4 of the Swamp
 33466 | Swamp:4  | Noticed the 27-headed Lernaean hydra
 33575 | Swamp:4  | Killed the 27-headed Lernaean hydra
 33877 | Swamp:4  | Received a gift from Okawaru
 33887 | Swamp:4  | Got a decaying rune of Zot
 34152 | Snake:1  | Entered Level 1 of the Snake Pit
 34519 | Snake:1  | Noticed Mlioglotl
 34526 | Snake:1  | Killed Mlioglotl
 34527 | Snake:1  | Reached XP level 18. HP: 169/169 MP: 13/17
 34820 | Snake:1  | Noticed Jorgrun
 34822 | Snake:1  | Killed Jorgrun
 35209 | Snake:2  | Received a gift from Okawaru
 35271 | Snake:2  | Noticed Aizul
 35281 | Snake:2  | Killed Aizul
 35446 | Snake:2  | Found Teesoirph's General Store.
 35453 | Snake:2  | Bought 2 scrolls of identify for 44 gold pieces
 35453 | Snake:2  | Bought a scroll of identify for 22 gold pieces
 36055 | Snake:2  | Received a gift from Okawaru
 36100 | Snake:2  | Received a gift from Okawaru
 36246 | Snake:2  | Reached skill level 15 in Shields
 36612 | D:2      | Bought a manual of Evocations for 800 gold pieces
 37035 | Snake:3  | Reached skill level 1 in Evocations
 38342 | Snake:4  | Entered Level 4 of the Snake Pit
 38561 | Snake:4  | Reached skill level 5 in Evocations
 39028 | Snake:4  | Received a gift from Okawaru
 39173 | Snake:4  | Identified the +7 hand crossbow of the Real Monster {heavy,
                  | rF+++ rCorr Int-5} (Okawaru gifted it to you on level 4 of
                  | the Snake Pit)
 39173 | Snake:4  | Received a gift from Okawaru
 39174 | Snake:4  | Reached XP level 19. HP: 178/178 MP: 18/18
 39192 | Snake:4  | Lost mutation: You expend magic power (3 MP) to strengthen
                  | your wands. [potion of mutation]
 39192 | Snake:4  | Lost mutation: You are frail. (-10% HP) [potion of
                  | mutation]
 39192 | Snake:4  | Lost mutation: You are strong-willed. (Will+) [potion of
                  | mutation]
 39192 | Snake:4  | Gained mutation: Your natural rate of healing is unusually
                  | fast. [potion of mutation]
 39192 | Snake:4  | Gained mutation: You are covered in fur. (AC +1) [potion of
                  | mutation]
 39192 | Snake:4  | Gained mutation: You possess an exceptional clarity of
                  | mind. [potion of mutation]
 39193 | Snake:4  | Lost mutation: You possess an exceptional clarity of mind.
                  | [potion of mutation]
 39193 | Snake:4  | Lost mutation: Your natural rate of healing is unusually
                  | fast. [potion of mutation]
 39193 | Snake:4  | Lost mutation: You are covered in fur. (AC +1) [potion of
                  | mutation]
 39193 | Snake:4  | Gained mutation: You have sharp toenails. [potion of
                  | mutation]
 39194 | Snake:4  | Lost mutation: You are dopey. (Int -2) [potion of mutation]
 39194 | Snake:4  | Lost mutation: You have sharp toenails. [potion of
                  | mutation]
 39194 | Snake:4  | Gained mutation: You have sharp fingernails. [potion of
                  | mutation]
 39312 | Snake:4  | Found an ancient bone altar of Kikubaaqudgha.
 39640 | Snake:4  | Reached skill level 10 in Evocations
 40047 | Snake:4  | Got a serpentine rune of Zot
 40087 | Snake:4  | Acquired 944 gold pieces
 40416 | Elf:1    | Entered Level 1 of the Elven Halls
 40418 | Elf:1    | Noticed Azrael
 40647 | Elf:1    | Killed Azrael
 40852 | Elf:1    | Received a gift from Okawaru
 40886 | Elf:1    | Found Sinex's Book Emporium.
 41008 | Elf:1    | Found Cuinum's Jewellery Emporium.
 41009 | Elf:1    | Found Fujah's Book Shop.
 41011 | Elf:1    | Found Qeasetta's Jewellery Emporium.
 41022 | Elf:1    | Bought the ring "Ystriom" {MP+9 Dex+9 SInv} for 751 gold
                  | pieces
 41683 | Elf:2    | Found a runed translucent gate.
 41687 | Elf:2    | Found a runed translucent gate.
 41688 | Elf:2    | Found a runed translucent gate.
 42405 | Vaults:1 | Entered Level 1 of the Vaults
 42556 | Vaults:1 | Identified the +0 kite shield of Ritok {rN+ Will- Str+3
                  | Dex+2} (Okawaru gifted it to you on level 1 of the Vaults)
 42556 | Vaults:1 | Received a gift from Okawaru
 42628 | Abyss:2  | Cast into level 2 of the Abyss (a wizard)
 42895 | Vaults:1 | Escaped the Abyss
 43074 | Vaults:1 | Reached XP level 20. HP: 214/214 MP: 19/19
 43139 | Vaults:1 | Noticed Zenata
 43151 | Vaults:1 | Killed Zenata
 43727 | Vaults:1 | Reached skill level 27 in Fighting
 43735 | Vaults:1 | Reached skill level 1 in Armour
 43965 | Vaults:1 | Identified the +7 spear "Saocidix" {freeze, rC+}
 43984 | Vaults:1 | Received a gift from Okawaru
 44385 | Vaults:2 | Noticed Nikola
 44391 | Vaults:2 | Killed Nikola
 44391 | Vaults:2 | Received a gift from Okawaru
 44935 | Vaults:2 | Found Muse's Distillery.
 44943 | Vaults:2 | Bought a potion of heal wounds for 65 gold pieces
 44943 | Vaults:2 | Bought a potion of curing for 39 gold pieces
 44954 | Vaults:2 | Received a gift from Okawaru
 45051 | Vaults:2 | Identified the +0 plate armour of the Wasteland {Int+3
                  | Dex+2}
 45334 | Vaults:2 | Noticed Xtahua
 45337 | Vaults:2 | Killed Xtahua
 45814 | Vaults:3 | Received a gift from Okawaru
 45919 | Vaults:3 | Noticed Mara
 45921 | Vaults:3 | Killed Mara
 45960 | Vaults:3 | Noticed Sojobo
 45973 | Vaults:3 | Killed Sojobo
 46280 | Vaults:3 | Reached XP level 21. HP: 224/224 MP: 20/20
 46437 | Vaults:3 | Received a gift from Okawaru
 46743 | Vaults:3 | Found Zuebouff's Antique Armour Shoppe.
 46762 | Vaults:3 | Paralysed by a sphinx for 4 turns
 46769 | Vaults:3 | Noticed Margery
 46812 | Vaults:3 | Received a gift from Okawaru
 46816 | Vaults:3 | Killed Margery
 46867 | Vaults:3 | Received a gift from Okawaru
 47433 | Vaults:3 | Found a staircase to the Crypt.
 47433 | Vaults:3 | Found an ancient bone altar of Kikubaaqudgha.
 47434 | Vaults:3 | Found a basalt altar of Yredelemnul.
 47582 | Vaults:4 | Found Kow Ali's Magic Scroll Boutique.
 47596 | Vaults:4 | Bought a scroll of silence for 152 gold pieces
 47866 | Vaults:4 | Received a gift from Okawaru
 48469 | Vaults:5 | Entered Level 5 of the Vaults
 49015 | D:9      | Found a runed translucent gate.
 49015 | D:9      | Found a runed translucent gate.
 49023 | D:9      | Found a runed translucent gate.
 49023 | D:9      | Noticed kiwi3s's ghost (journeyman MiBe)
 49033 | D:9      | Lost intelligence.
 49037 | D:9      | Killed kiwi3s's ghost
 51197 | Slime:1  | Entered Level 1 of the Pits of Slime
 51206 | Slime:1  | Gained mutation: Your body sometimes deteriorates upon
                  | taking damage. [a shining eye]
 51397 | Slime:1  | Paralysed by a formless jellyfish for 1 turns
 51418 | Slime:1  | Received a gift from Okawaru
 51980 | Slime:2  | Reached XP level 22. HP: 233/233 MP: 21/21
 52674 | Slime:4  | Gained mutation: You are vulnerable to cold. (rC-) [a
                  | shining eye]
 52696 | Slime:4  | Paralysed by a floating eye for 4 turns
 52702 | Slime:4  | Paralysed by a floating eye for 4 turns
 52709 | Slime:4  | Paralysed by a floating eye for 4 turns
 52716 | Slime:4  | Paralysed by a floating eye for 3 turns
 52721 | Slime:4  | Paralysed by a floating eye for 2 turns
 52724 | Slime:4  | Paralysed by a floating eye for 2 turns
 52729 | Slime:4  | Paralysed by a floating eye for 2 turns
 53226 | Slime:5  | Entered Level 5 of the Pits of Slime
 53409 | Slime:5  | Noticed the Royal Jelly
 53740 | Slime:4  | Reached skill level 27 in Dodging
 53933 | Slime:5  | Received a gift from Okawaru
 53944 | Slime:5  | Killed the Royal Jelly
 53945 | Slime:5  | Reached skill level 5 in Armour
 54232 | Slime:5  | Identified the +9 hand axe of Puograca {flame, Dex+2}
 54234 | Slime:5  | Identified the amulet of Toboic {Spirit Will- Str+3 Stlth+}
 54252 | Slime:5  | Got a slimy rune of Zot
 54260 | Slime:5  | Identified the amulet of Ytipuq {RegenMP Dex+2}
 54264 | Slime:5  | Identified the +7 short sword "Tuirghuom" {spect, rElec
                  | Int+3}
 54297 | Slime:5  | Identified the +0 dagger of Sibruah {freeze, rElec}
 54299 | Slime:5  | Identified the staff of a wizard's laboratory {Dex+4 Earth}
 54304 | Slime:5  | Identified the +1 robe of the Grim God {+Inv Will+++ Str+3
                  | Dex-3}
 54399 | Slime:5  | Identified the +5 war axe "Badghal" {drain, rC+}
 55090 | Depths:1 | Entered Level 1 of the Depths
 55143 | Depths:1 | Identified the +0 cloak "Nishri Larghi" {Str+5} (Okawaru
                  | gifted it to you on level 1 of the Depths)
 55143 | Depths:1 | Received a gift from Okawaru
 55232 | Depths:1 | Found a one-way gateway to a ziggurat.
 55615 | Depths:1 | Found a portal to a secret trove of treasure.
 55667 | Depths:1 | Found an ancient bone altar of Kikubaaqudgha.
 55747 | Depths:1 | Found a gateway to Hell.
 56162 | Depths:2 | Reached skill level 10 in Armour
 56194 | Depths:2 | Reached XP level 23. HP: 218/240 MP: 22/22
 56455 | Depths:2 | Received a gift from Okawaru
 56581 | Depths:2 | Found a one-way gate leading to the halls of Pandemonium.
 57544 | Depths:2 | Noticed a royal mummy
 57551 | Depths:2 | Killed a royal mummy
 58377 | D:2      | Bought a manual of Invocations for 800 gold pieces
 58719 | Depths:3 | Found a one-way gate to the infinite horrors of the Abyss.
 58726 | Depths:2 | Reached skill level 1 in Invocations
 58912 | Depths:3 | Received a gift from Okawaru
 58949 | Depths:3 | Reached skill level 5 in Invocations
 59158 | Depths:3 | Received a gift from Okawaru
 59200 | Depths:3 | Received a gift from Okawaru
 59416 | Depths:3 | Received a gift from Okawaru
 59507 | Depths:3 | Noticed a caustic shrike
 59546 | Depths:3 | Found a runed translucent door.
 59546 | Depths:3 | Found a runed translucent door.
 59801 | Depths:4 | Entered Level 4 of the Depths
 59818 | Depths:4 | Noticed a caustic shrike
 59818 | Depths:4 | Noticed a caustic shrike
 59818 | Depths:4 | Noticed a caustic shrike
 59818 | Depths:4 | Noticed a caustic shrike
 59822 | Depths:4 | Killed a caustic shrike
 59827 | Depths:4 | Killed a caustic shrike
 59829 | Depths:4 | Killed a caustic shrike
 59830 | Depths:4 | Reached skill level 10 in Invocations
 59831 | Depths:4 | Killed a caustic shrike
 59910 | Depths:4 | Found a broken altar of Ashenzari.
 60028 | Depths:4 | Found an iron altar of Okawaru.
 60220 | Depths:4 | Identified the +1 plate armour of the Ladybird {Dex+3}
                  | (Okawaru gifted it to you on level 4 of the Depths)
 60220 | Depths:4 | Received a gift from Okawaru
 60370 | Depths:4 | Reached XP level 24. HP: 249/249 MP: 30/30
 61490 | Depths:4 | Found a gate to the Realm of Zot.
 62087 | Depths:4 | Got Gymiug's Parchment of Dimensional Intoxication
 62519 | Vaults:4 | Received a gift from Okawaru
 62768 | Vaults:5 | Paralysed by a sphinx for 3 turns
 62774 | Vaults:4 | Received a gift from Okawaru
 62980 | Vaults:5 | Noticed a dread lich
 62984 | Vaults:5 | Killed a dread lich
 62990 | Vaults:5 | Noticed a dread lich
 63000 | Vaults:5 | Killed a dread lich
 63064 | Vaults:5 | Got the Teachings on the Deep Freeze
 63140 | Vaults:5 | Identified the +9 triple crossbow of Thoughtfulness {speed,
                  | *Corrode rPois Will++ Stlth+} (Okawaru gifted it to you on
                  | level 5 of the Vaults)
 63140 | Vaults:5 | Received a gift from Okawaru
 63405 | Vaults:5 | Reached XP level 25. HP: 257/257 MP: 31/31
 63435 | Vaults:5 | Noticed an ancient lich
 63440 | Vaults:5 | Killed an ancient lich
 63665 | Vaults:5 | Noticed an ancient lich
 63668 | Vaults:5 | Killed an ancient lich
 63668 | Vaults:5 | Identified the +2 tower shield "Yrhu" {Drain rN+++ rCorr
                  | Stlth-} (Okawaru gifted it to you on level 5 of the Vaults)
 63668 | Vaults:5 | Received a gift from Okawaru
 64065 | Vaults:5 | Got a silver rune of Zot
 64140 | Vaults:5 | Paralysed by a sphinx for 3 turns
 64169 | Vaults:5 | Identified the staff "Itonguh" {rC- rN+ Int+3 Necro}
 64175 | Vaults:5 | Identified the +1 scale mail of Doeqopna {rPois rF+ rN++
                  | Stlth-}
 64533 | Depths:1 | You paid a toll of 6 scrolls of fog to enter a treasure
                  | trove
 64534 | Trove    | Entered a treasure trove
 64538 | Trove    | Identified the +3 shortbow "Guemiz" {antimagic, Drain rCorr
                  | Int+3}
 64541 | Trove    | Identified the +3 sling "Arbiter" {heavy, Drain rPois Str+4
                  | Dex+3}
 64543 | Trove    | Identified the +6 hand crossbow of the Sixty-Six Mystics
                  | {drain, rCorr}
 64544 | Trove    | Identified the +1 broad axe "Lodoar" {antimagic, Fly}
 64547 | Trove    | Identified the +10 hand crossbow of Ethereal Fortitude
                  | {heavy, Dex+4}
 64767 | Crypt:1  | Entered Level 1 of the Crypt
 65218 | Crypt:1  | Noticed Mennas
 65221 | Crypt:1  | Killed Mennas
 67268 | Crypt:2  | Found the ring of Shadows {Umbra +Inv Stlth+}
 67351 | Crypt:2  | Found a transporter.
 67351 | Crypt:2  | Found a transporter.
 67351 | Crypt:2  | Noticed a dread lich
 67774 | Crypt:3  | Entered Level 3 of the Crypt
 67836 | Crypt:3  | Identified the +0 pair of boots "Cenguc" {Str+8 Int+3
                  | Stlth-} (Okawaru gifted it to you on level 3 of the Crypt)
 67836 | Crypt:3  | Received a gift from Okawaru
 67837 | Crypt:3  | Reached skill level 27 in Shields
 68115 | Depths:3 | Voluntarily entered the Abyss.
 68131 | Abyss:2  | Found a shadowy altar of Dithmenos.
 68214 | Abyss:2  | Noticed an ancient lich
 68435 | Abyss:3  | Noticed an ancient lich
 68438 | Abyss:3  | Killed an ancient lich
 68484 | Abyss:3  | Got an abyssal rune of Zot
 68512 | Abyss:3  | Lost mutation: You have sharp fingernails. [potion of
                  | mutation]
 68512 | Abyss:3  | Lost mutation: You are very vulnerable to cold. (rC--)
                  | [potion of mutation]
 68512 | Abyss:3  | Lost mutation: Your body sometimes deteriorates upon taking
                  | damage. [potion of mutation]
 68512 | Abyss:3  | Gained mutation: You are agile. (Dex +4, Str/Int -1)
                  | [potion of mutation]
 68565 | Abyss:3  | Gained mutation: You are weak. (Str -2) [a neqoxec]
 68566 | Depths:3 | Escaped the Abyss
 68966 | Zot:1    | Entered Level 1 of the Realm of Zot
 69303 | Zot:1    | Reached XP level 26. HP: 202/266 MP: 31/31
 69868 | Zot:1    | Received a gift from Okawaru
 71096 | Zot:2    | Noticed an orb of fire
 71096 | Zot:2    | Found the +10 dark maul {heavy}
 72122 | Crypt:3  | Found a staircase to the Tomb.
 72358 | Crypt:3  | Received a gift from Okawaru
 72667 | Crypt:3  | Noticed Jory
 72674 | Crypt:3  | Killed Jory
 72949 | Crypt:3  | Identified the ring "Zoixez" {rF+ rC- Str+4}
 72953 | Crypt:3  | Identified the ring "Gaodehio" {Wiz rF+ rC+ Str-2}
 73815 | Elf:3    | Entered Level 3 of the Elven Halls
 73878 | Elf:3    | Found a radiant altar of Vehumet.
 73994 | Elf:3    | Received a gift from Okawaru
 74030 | Elf:3    | Identified the +4 flail of Past Mistakes {speed, rPois rC+}
 74086 | Elf:3    | Identified the +5 battleaxe of Terra Nullius {protect, rN+
                  | Dex+10}
 74161 | Elf:3    | Identified the +1 leather armour "Imoschiarph" {*Corrode
                  | rN+ Stlth+}
 74186 | Elf:3    | Found the +3 Mad Mage's Maulers {Infuse+∞ VampMP -Cast}
 74192 | Elf:3    | Identified the +0 falchion "Gynninay" {protect, rC+ Int+8}
 74199 | Elf:3    | Found the +8 storm bow {elec, penet}
 74212 | Elf:3    | Got the Anthology of Orientation and the Wendigo
 74410 | Elf:3    | Got Afet's Anthology of Phantasmal Violence
 74466 | Elf:3    | Found Wiomixe's Assorted Antiques.
 74484 | Elf:3    | Bought a potion of heal wounds for 205 gold pieces
 74514 | Elf:3    | Found Cenysuv's Jewellery Shop.
 74678 | Elf:3    | Reached XP level 27. HP: 273/273 MP: 31/31
 75206 | Zot:2    | Gained mutation: You are very weak. (Str -4) [an orb of
                  | fire]
 75207 | Zot:2    | Killed an orb of fire
 75249 | Zot:2    | Received a gift from Okawaru
 75701 | Zot:1    | Received a gift from Okawaru
 75960 | Zot:2    | Identified the +1 spear of Pojyddol {freeze, rElec Will-
                  | Int+5}
 75983 | Zot:2    | Received a gift from Okawaru
 76044 | Zot:2    | Noticed an orb of fire
 76050 | Zot:2    | Killed an orb of fire
 76050 | Zot:2    | Received a gift from Okawaru
 76283 | Zot:2    | Got the Lectures on Flame and Astrapomancy
 76346 | Zot:2    | Reached skill level 27 in Ranged Weapons
 76534 | Zot:3    | Received a gift from Okawaru
 77253 | Zot:3    | Received a gift from Okawaru
 77490 | Zot:3    | Noticed an orb of fire
 77502 | Zot:3    | Reached skill level 15 in Armour
 77665 | Zot:4    | Identified the +1 scale mail of Valour {Will+} (Okawaru
                  | gifted it to you on level 4 of the Realm of Zot)
 77665 | Zot:4    | Received a gift from Okawaru
 79120 | Zot:5    | Entered Level 5 of the Realm of Zot
 79633 | Zot:5    | Identified the +0 ring mail of Vexation {rPois}
 79844 | Zot:5    | Noticed an ancient lich
 79846 | Zot:5    | Killed an ancient lich
 79846 | Zot:5    | Received a gift from Okawaru
 79848 | Zot:5    | Noticed an ancient lich
 79857 | Zot:5    | Noticed an ancient lich
 79862 | Zot:5    | Killed an ancient lich
 79896 | Zot:5    | Killed an ancient lich
 79920 | Zot:5    | Noticed an orb of fire
 79923 | Zot:5    | Noticed a dread lich
 79924 | Zot:5    | Killed an orb of fire
 79925 | Zot:5    | Killed a dread lich
 80212 | Zot:5    | Noticed an orb of fire
 80223 | Zot:5    | Killed an orb of fire
 80596 | Zot:5    | Noticed an orb of fire
 80596 | Zot:5    | Gained mutation: Your spells are a little easier to cast,
                  | but a little less powerful. [an orb of fire]
 80598 | Zot:5    | Killed an orb of fire
 80624 | Zot:5    | Noticed an orb of fire
 80625 | Zot:5    | Gained mutation: You do not regenerate when monsters are
                  | visible. [an orb of fire]
 80628 | Zot:5    | Killed an orb of fire
 80776 | Zot:5    | Got the Orb of Zot
 81254 | D:5      | Received a gift from Okawaru
 81356 | D:2      | Noticed Cuujisip the pandemonium lord
 81358 | D:2      | Killed Cuujisip the pandemonium lord
 81439 | D:$      | Escaped with the Orb!

Illustrated notes

Levels and vault maps discovered:
D:1:      minmay_arrival_hallway, layout_loops_ring
D:2:      layout_loops_corners, minmay_misc_feat_four_crosses,
          nicolae_shop_vocational
D:3:      layout_rooms
D:4:      layout_loops_ring, xom_confusion_cloud,
          nicolae_yredelemnul_corpse_copse, lemuel_round_altar,
          kennysheep_orc_sif_temple, uniq_robin, uniq_crazy_yiuf_cottage,
          uniq_blork_the_orc
D:5:      minmay_evil_eye, layout_cave_pools, pdpol_wu_jian_five_deadly_venoms,
          lemuel_coloured_pillars_altar
D:6:      layout_basic, hex_medium, dk_noncrumbling_4
D:7:      layout_loops_ring, mainiacjoe_overflow_brackets,
          minmay_temple_entry_mist, enter_bailey_2, serial_glass,
          glass_columns_a, glass_columns_a, glass_columns_a,
          nicolae_concentric_dashed_squares_mild, uniq_duvessa
D:8:      layout_basic, dpeg_oklobed_lair, minivault_4, centaur_isle
D:9:      layout_irregular_city, kennysheep_little_box,
          ploomutoo_gammafunk_ghost_potion_laboratory, serial_co_window_serial,
          co_window_paths_b, co_window_paths_a, co_window_corner_a,
          co_window_paths_b, co_window_paths_b, co_window_corner_a,
          co_window_of_opportunity_a, co_window_paths_a, co_window_paths_a,
          co_window_2corner, co_window_cross_3, co_window_of_opportunity_c,
          co_window_2corner, co_window_unsneaky_path_b
D:10:     layout_roguey, mainiacjoe_overflow_24_doors, serial_shops,
          nicolae_square_shop, minmay_misc_feat_pillars,
          minmay_tree_intersection, uniq_erolcha
D:11:     layout_basic, hiddenorc1_lemuel, minivault_5, uniq_sonja
D:12:     wad_woods_structure_01, layout_basic, uniq_nergalle, uniq_kirke
D:13:     layout_rooms
D:14:     layout_gridville, erik_vaults_2, serial_bayou_ford_a
D:15:     gammafunk_depths_entry_grave, layout_basic, minivault_11,
          portal_ice_cave_entry_ugly_swarm, serial_shops, shop,
          serial_corexii_hall, chequers_hall_statues_corner_a,
          chequers_hall_statues_corner_a
Temple:   nicolae_temple_bog_church
Lair:1:   layout_hall_layers, hellmonk_ghost_happy_afterlife
Lair:2:   gammafunk_cloud_chamber, layout_chaotic_city, dummy_snake_entry,
          infiniplex_staircase_pool_2, uniq_gastronok
Lair:3:   layout_small_grid, nicolae_swamp_entry_splash_gauntlet,
          grunt_forest_large_clearing_hut, infiniplex_staircase_pool,
          grunt_megastairs_2, uniq_josephine
Lair:4:   layout_gridlike, beast_lair_carwin_10
Lair:5:   wormcave, layout_big_grid, hangedman_lair_caniforms_friends,
          slime_entry_1, basic_altar
Swamp:1:  layout_basic_swamp, nicolae_swamp_tree_designs
Swamp:2:  layout_basic_swamp, evilmike_swamp_ruin_house_6
Swamp:3:  nzn_winding_woodlands_cross [nzn_winding_woodlands_5x15_split_checker,
          nzn_winding_woodlands_5x15_pool, nzn_winding_woodlands_5x15_longhouse,
          nzn_winding_woodlands_5x15_zeroes,
          nzn_winding_woodlands_15x15_five_gardens], layout_falls_marsh,
          hangedman_swamp_lotus, swamp_pool4, nicolae_swamp_trees_clearing,
          hangedman_swamp_ravenous
Swamp:4:  swamp_alternative, layout_basic_swamp
Snake:1:  layout_chambers, uniq_jorgrun, uniq_mlioglotl
Snake:2:  layout_onion_interference, serial_bayou_shore_a, minmay_shop_star,
          uniq_aizul
Snake:3:  layout_layer_cave
Snake:4:  snake_pit, layout_basic, lemuel_oklob_altar
Slime:1:  layout_caves
Slime:2:  layout_caves
Slime:3:  layout_caves
Slime:4:  layout_caves, nicolae_slime_getting_an_eyeful
Slime:5
Orc:1:    layout_diamond_mine, serial_shops, shop, lemuel_statue_altar,
          lightli_church_of_beogh
Orc:2:    st_orc_town, layout_caves, nicolae_orc_rich_vein
Elf:1:    eino_elf_arrival_the_gate, layout_geoelf_diagonals, serial_shops,
          shop, evilmike_minifort, minmay_shop_grove, uniq_azrael
Elf:2:    elven_hall_of_blades_hangedman_original
          [nicolae_blade_entry_antechamber], layout_gridlike, grunt_ministairs_2
Elf:3:    grunt_elf_hall_spiral, layout_geoelf_grid, basic_altar, serial_shops,
          nicolae_shop_window_shopping, minmay_shop_enchanted_jewellery,
          minmay_elf_sorcery
Vaults:1: grunt_vaults_bifocal, vaults_room_grid, vaults_dpeg_encased_lava,
          nicolae_vaults_storage_closets_1, hangedman_vaults_river_flow,
          nicolae_vaults_shipping_containers_2, nicolae_vaults_tetromino_L_1,
          nicolae_vaults_little_squares_4, nicolae_vaults_tangram_1,
          layout_vaults_omnibox, uniq_zenata
Vaults:2: nicolae_vaults_border_crossing, nicolae_vaults_network_periphery,
          nicolae_vaults_what_the_h, nicolae_vaults_tangram_2,
          nicolae_vaults_closet_pinwheel_5, vaults_room_fours,
          nicolae_vaults_six-pack, layout_vaults_omnigrid, serial_shops,
          nicolae_shop_just_a_little_nook, uniq_nikola, uniq_xtahua
Vaults:3: nicolae_vaults_stepped_doors, dpeg_vaults_pockets_of_resistance,
          nicolae_vaults_shrinking_rooms_1, v_misc_4,
          minmay_crypt_entry_necro_gods, nicolae_vaults_wine_cellar,
          nicolae_vaults_ring_of_whatevers, vaults_dpeg_spiral,
          nicolae_vaults_apartment_1, nicolae_vaults_shelves_hall,
          nicolae_vaults_door_testing_chamber, nicolae_vaults_surprise_closet,
          layout_vaults_chaotic_city, serial_shops,
          nicolae_shop_tiny_real_fake_doors, uniq_mara, uniq_margery,
          uniq_sojobo
Vaults:4: nicolae_vaults_steering_wheel, v_misc_28,
          nicolae_vaults_layer_cake_slice, vaults_room_semicircle,
          vaults_room_fours, nicolae_vaults_frosty_reception,
          nicolae_vaults_tetromino_Z_1, v_misc_25, v_pattern_4,
          vaults_dpeg_ring, layout_vaults_ring, serial_shops, shop
Vaults:5
Crypt:1:  layout_misc_corridors, uniq_mennas
Crypt:2:  gammafunk_sealed_arena, layout_catacombs, evilmike_ambush
          [evilmike_ambush_outer_basic, evilmike_ambush_inner_basic]
Crypt:3:  due_elkab, layout_chaotic_city
Depths:1: layout_big_octagon, enter_ziggurat_e, grunt_hell_horde,
          kiku_gazebo_pond_becter, nicolae_trove_entry_path_of_doom,
          minmay_gold_behind_fungi, grunt_ministairs_15, drop_trap,
          hangedman_abyss_or_decor_passed, kennysheep_dice, firewood_loft
Depths:2: lemuel_minitomb, layout_twisted_cross, rand_demon_pan_entry_7,
          hangedman_decor_peaks_small, hell_entry,
          hangedman_abyss_or_decor_stagger, minmay_fractal_squares_gapless_7
Depths:3: minmay_the_grid_triangle_9x9_recursive_2_mashed
          [minmay_the_grid_triangle_9x9_prize_schism,
          minmay_the_grid_triangle_9x9_tough_junction,
          minmay_the_grid_triangle_9x9_sparse_checkered,
          minmay_the_grid_triangle_9x9_flanged_cone], layout_small_grid,
          kennysheep_minor_cross, abyss_entry, hell_entry,
          kennysheep_big_empty_room, infiniplex_staircase_pillars_2
Depths:4: lemuel_castle_with_subvaults [lemuel_castle_interior_original],
          layout_gridlike, nicolae_ashenzari_skybound, pf_hell_entry_tar_river,
          okawaru_trees_1
Zot:1:    layout_twisted_circle, grunt_megastairs_5
Zot:2:    layout_cellular_growth, grunt_megastairs_3
Zot:3:    layout_twisted_circle, nrook_zot_tub
Zot:4:    kennysheep_spiral_hall, layout_gridville, st_small_dragon_hoard_2,
          zot_minivault_7
Zot:5:    layout_onion, nicolae_zot_crop_circle

Skill      XL: |  1  2  3  4  5  6  7  8  9 10 11 12 13 14 15 16 17 18 19 20 21 22 23 24 25 26 27 |
---------------+----------------------------------------------------------------------------------+-----
Ranged Weapons | 5 6 7 8 9 11 13 15 16 18 21 25 27 | 27.0
Fighting       | 11 15 18 19 20 21 22 23 24 26 27 | 27.0
Dodging        | 8 12 14 17 19 20 22 26 27 | 27.0
Throwing       | 5 6 8 |  8.4
Shields        | 6 9 13 15 17 20 25 27 | 27.0
Evocations     | 9 13 | 13.0
Armour         | 3 10 12 24 | 24.3
Invocations    | 11 12 | 12.0
Stealth        | |  0.7

Action                     |  1- 3 |  4- 6 |  7- 9 | 10-12 | 13-15 | 16-18 | 19-21 | 22-24 | 25-27 || total
---------------------------+-------+-------+-------+-------+-------+-------+-------+-------+-------++-------
  Melee: Headbutt          |     1 |       |       |       |       |       |       |     4 |       ||     5
         Shortbow          |     1 |       |       |       |       |       |       |       |       ||     1
         Hand crossbow     |       |       |       |       |       |       |       |    10 |     1 ||    11
   Fire: Shortbow          |   103 |   157 |   445 |   546 |   832 |       |       |       |       ||  2083
         Hand crossbow     |       |       |       |       |   150 |  1137 |   922 |  1034 |  1314 ||  4557
         Triple crossbow   |       |       |       |       |       |       |       |       |     2 ||     2
 Invoke: Heroism           |       |       |       |     3 |     1 |     1 |       |       |       ||     5
  Evoke: Wand              |       |     5 |    20 |    22 |    20 |     8 |     3 |     3 |    13 ||    94
         Lightning rod     |       |       |       |       |     4 |       |     2 |    12 |     1 ||    19
         Condenser vane    |       |       |       |       |       |       |       |     1 |     1 ||     2
    Use: Potion            |     1 |     4 |     5 |     2 |     2 |     3 |     3 |    10 |     5 ||    35
         Scroll            |       |       |    16 |     3 |    10 |    15 |     4 |     6 |    14 ||    68
 Armour: Leather armour    |    12 |    34 |    20 |    21 |       |       |       |       |       ||    87
         Robe              |       |       |       |    48 |    87 |    42 |    52 |    66 |    45 ||   340
  Dodge: Dodged            |    14 |   106 |   122 |   238 |   805 |   449 |   988 |  1249 |   933 ||  4904
  Block: Kite shield       |       |       |       |       |    65 |    75 |       |       |       ||   140
         Buckler           |       |       |       |       |       |   148 |   455 |   587 |   231 ||  1421
         Tower shield      |       |       |       |       |       |       |       |       |   653 ||   653

Table legend: (Time is in decaauts)
 A = Elapsed time spent in this place.
 B = Non-inter-level travel time spent in this place.
 C = Inter-level travel time spent in this place.
 D = Time resting spent in this place.
 E = Time spent auto-exploring this place.
 F = Levels seen in this place.
 G = Mean time per level.
                   A        B        C        D        E       F      G
               +--------+--------+--------+--------+--------+-----+--------+
         Total |  84557 |  73535 |  11022 |  19190 |  36236 |  62 | 1363.8 |
       Dungeon |  24908 |  19522 |   5386 |   6028 |   9455 |  15 | 1660.5 |
        Temple |    236 |    194 |     42 |      0 |    167 |   1 |  236.0 |
          Lair |   8478 |   7199 |   1279 |   1906 |   3661 |   5 | 1695.6 |
         Swamp |   4150 |   3951 |    199 |   1323 |   1765 |   4 | 1037.5 |
     Snake Pit |   5590 |   5312 |    278 |    436 |   4039 |   4 | 1397.5 |
    Slime Pits |   3700 |   3492 |    208 |   1076 |   1326 |   5 |  740.0 |
  Orcish Mines |   1837 |   1281 |    556 |    195 |    644 |   2 |  918.5 |
   Elven Halls |   3501 |   3073 |    428 |    255 |   1816 |   3 | 1167.0 |
        Vaults |   8689 |   7673 |   1016 |   1216 |   4731 |   5 | 1737.8 |
         Crypt |   4538 |   4036 |    502 |    868 |   2333 |   3 | 1512.7 |
        Depths |   7866 |   7047 |    819 |   2067 |   3364 |   4 | 1966.5 |
           Zot |   7956 |   7653 |    303 |   2858 |   2092 |   5 | 1591.2 |
         Abyss |    792 |    792 |      0 |     11 |    376 |   3 |  264.0 |
         Trove |     21 |     21 |      0 |      0 |      0 |   1 |   21.0 |
        Bailey |    940 |    940 |      0 |    406 |     58 |   1 |  940.0 |
      Ice Cave |   1349 |   1349 |      0 |    542 |    404 |   1 | 1349.0 |
               +--------+--------+--------+--------+--------+-----+--------+

Top non-repeatable levels by time:
     D:9: 3652 daAuts
   Zot:1: 2910 daAuts
     D:8: 2832 daAuts
Depths:4: 2775 daAuts
    D:14: 2187 daAuts
Depths:2: 2185 daAuts
    D:11: 2112 daAuts
  Lair:5: 2094 daAuts
     D:4: 2007 daAuts
Vaults:3: 2002 daAuts
  Lair:3: 1979 daAuts
Vaults:2: 1913 daAuts
 Swamp:3: 1905 daAuts
    D:10: 1864 daAuts
 Snake:4: 1850 daAuts
